 Dungeon Crawl Stone Soup version 0.25-a0-346-g140ab784a8 (webtiles) character file.

Game seed: 11262203029041539886, levelgen mode: deterministic

26 PentaManta the Insei (level 3, -2/26 HPs)
             Began as an Octopode Chaos Knight on Jan 1, 2020.
             Was a Plaything of Xom.
             Slain by a black bear (5 damage)
             ... on level 2 of the Dungeon.
             The game lasted 00:01:41 (1357 turns).

PentaManta the Insei (Octopode Chaos Knight)        Turns: 1357, Time: 00:01:41

Health: -2/26      AC:  1    Str: 11    XL:     3   Next: 8%
Magic:  3/3        EV: 14    Int: 14    God:    Xom [..*...]
Gold:   94         SH:  0    Dex: 12    Spells: 2/2 levels left

rFire    . . .     SeeInvis .     - Unarmed
rCold    . . .     Gourm    .   (no shield)
rNeg     . . .     Faith    .   (helmet restricted)
rPois    .         Spirit   .   (no amulet)
rElec    .         Reflect  .   (no ring)
rCorr    .         Harm     .   (no ring)
MR       .....                  (no ring)
Stlth    +++.......             (no ring)
HPRegen  0.08/turn              (no ring)
MPRegen  0.08/turn              (no ring)
                                (no ring)
                                (no ring)

@: no status effects
A: almost no armour, stealthy swim, amphibious, 8 rings, constrict 8, camouflage
1, gelatinous body 1
a: Renounce Religion


You were on level 2 of the Dungeon.
You worshipped Xom.
You were a toy of Xom.
You were very hungry.

You visited 1 branch of the dungeon, and saw 2 of its levels.

You collected 94 gold pieces.

Inventory:

Missiles
 e - 8 poisoned darts (quivered)
 h - a throwing net
Scrolls
 b - a scroll of magic mapping {unknown}
 c - a scroll of amnesia {unknown}
 f - a scroll of remove curse {unknown}
 g - a scroll of identify {unknown}
Potions
 d - a potion of lignification {unknown}
Comestibles
 a - 4 rations


   Skills:
 - Level 3.0 Fighting
 + Level 2.7 Dodging
 * Level 2.7 Stealth
 + Level 3.3 Unarmed Combat


You had 2 spell levels left.
You didn't know any spells.
Your spell library was empty.

Dungeon Overview and Level Annotations

Branches:
Dungeon (2/15)

Altars:


Innate Abilities, Weirdness & Mutations

You cannot wear most types of armour.
You are very stealthy in the water. (Stealth+)
You are amphibious.
You can wear up to eight rings at the same time.
You can use your tentacles to constrict eight enemies at once.
Your skin changes colour to match your surroundings (Stealth+).
Your rubbery body absorbs attacks. (AC +1, EV +1)


Message History

There is a stone staircase leading up here.
Xom's power flows through you!
The ground around you becomes liquefied!
Press: ? - help, v - describe, . - travel
Here: a black bear (moderately wounded, covering ground slowly)
The floor.
Unknown command.
The black bear bites you! The black bear claws you.
* * * LOW HITPOINT WARNING * * *
The black bear claws you.
* * * LOW HITPOINT WARNING * * *
The black bear bites you.
* * * LOW HITPOINT WARNING * * *
Xom is interested.
The black bear barely misses you. x2
The ground is no longer liquid beneath you.
There is a stone staircase leading up here.
The black bear bites you.
You die...
Xom howls with laughter!

#.# #.# #.# #.#
##.################
#######.........##......#
............###.##.####.#
######...#.###.##.####.#
#........@h.....##.#
##...#####.##.#.##.#
#.........##.#.##.#
##.#########......# #.#
###.#### ##'## ##...##
##...## ###.....#
##.....## #.<.....#
##.......## #.#.....#


You could see a black bear.

Vanquished Creatures
  An ooze (D:1)
  2 dart slugs (D:1)
  A giant cockroach (D:1)
  4 hobgoblins
  4 bats (D:1)
  2 frilled lizards
  2 kobolds
  4 rats (D:1)
20 creatures vanquished.

Notes
Turn   | Place    | Note
-------+----------+-------------------------------------------
     0 | D:1      | PentaManta the Octopode Chaos Knight began the quest for
                  | the Orb.
     0 | D:1      | Reached XP level 1. HP: 16/16 MP: 1/1
    67 | D:1      | Reached skill level 1 in Stealth
   207 | D:1      | Reached XP level 2. HP: 12/21 MP: 2/2
   485 | D:1      | XOM: harmless Tmut miscast
   711 | D:1      | XOM: divination: detect items
   847 | D:1      | XOM: harmless Tloc miscast
  1124 | D:1      | XOM: divination: detect items
  1158 | D:1      | Reached XP level 3. HP: 23/26 MP: 3/3
  1204 | D:2      | XOM: mild Ice miscast
  1303 | D:2      | Noticed a black bear
  1332 | D:2      | XOM: cast spell 'Leda's Liquefaction'
  1357 | D:2      | Slain by a black bear

Levels and vault maps discovered:
D:1:      dpeg_arrival_court, layout_basic, kennysheep_nondescript
D:2:      layout_loops_corners, minmay_hexomino_c4

Skill      XL: |  1  2 |
---------------+-------+-----
Stealth        | 1 2 |  2.7
Fighting       | |  3.0
Dodging        | |  2.7
Unarmed Combat | |  3.3

Action                   || total
-------------------------++-------
Melee: Unarmed           ||    40
       Constrict         ||     9
       Tentacles         ||    11
       Punch             ||     1
 Stab: Sleeping          ||     6
Armor: Skin              ||     5
Dodge: Dodged            ||    26

Table legend:
 A = Non-vault XP
 B = Vault XP
 C = Vault XP percentage of total XP
 D = Non-vault monster count
 E = Vault monster count
 F = Vault count percentage of total count
                 A         B        C        D         E       F
            +---------+---------+-------+---------+---------+-------
      Total |      38 |       0 |   0.0 |      20 |       0 |   0.0
            +---------+---------+-------+---------+---------+-------
        D:1 |      34 |       0 |   0.0 |      17 |       0 |   0.0
        D:2 |       4 |       0 |   0.0 |       3 |       0 |   0.0
            +---------+---------+-------+---------+---------+-------
